[Event "Titled Tuesday Blitz March 29 Early 2022"]
[White "Kostina, Nadezhda"]
[Black "Terletsky, Oleg"]
[WhiteFideId "4195876"]
[BlackFideId "14116774"]
[WhiteElo "1982"]
[BlackElo "2064"]
[Result "0-1"]
[Round "04"]
[TimeControl "180+1"]
[Date "2022.03.30"]
[WhiteClock "0:00:09"]
[BlackClock "0:01:18"]

1. e4 e5 2. Nf3 Nc6 3. Bc4 Nf6 4. d3 h6 5. O-O d6 6. a4 g6 7. c3 Bg7 8. h3 O-O 9. Be3 Na5 10. Ba2 c5 11. Nbd2 Nc6 12. Re1 Kh7 13. Nf1 b6 14. Ng3 d5 15. exd5 Nxd5 16. Bd2 Bb7 17. Rc1 Qd7 18. Qc2 Rad8 19. Rcd1 f5 20. Bc1 Nf4 21. Bb1 Qc7 22. Ne2 Nxe2+ 23. Rxe2 Ne7 24. Rde1 Bxf3 25. gxf3 Nd5 26. f4 exf4 27. c4 f3 28. Re6 Nf4 29. Re7 Nxh3+ 30. Kh1 Rd7 31. Rxd7 Qxd7 32. Qd1 Nxf2+ 33. Kg1 Nxd1 0-1


[Site "https://www.chess.com"]

[Event "Titled Tuesday Blitz March 29 Early 2022"]
[White "Kobalia, Mikhail"]
[Black "Lewtak, Damian"]
[WhiteFideId "4119150"]
[BlackFideId "1141724"]
[WhiteElo "2667"]
[BlackElo "2362"]
[Result "0-1"]
[Round "04"]
[TimeControl "180+1"]
[Date "2022.03.29"]
[WhiteClock "0:00:01"]
[BlackClock "0:00:38"]

1. e4 c5 2. Nf3 d6 3. d4 cxd4 4. Nxd4 Nf6 5. Nc3 Nc6 6. Bg5 e6 7. Qd2 a6 8. O-O-O Bd7 9. Kb1 Be7 10. h4 Qc7 11. f3 h6 12. Be3 h5 13. Bg5 Ne5 14. f4 Neg4 15. Nf3 Bc6 16. Bd3 b5 17. Rhe1 b4 18. Ne2 Nxe4 19. Bxe4 Bxe4 20. Ned4 Bd5 21. Bxe7 Qxe7 22. Nf5 Qd8 23. Qxd5 O-O 24. Qxd6 exf5 25. Qxb4 Qc7 26. Qd6 Qc4 27. Qd4 Qc7 28. Qd6 Qc4 29. b3 Qc3 30. Rd3 Qa5 31. Rd5 Qc3 32. Qc5 Qf6 33. Rxf5 Qd8 34. Rxh5 Rc8 35. Qd5 Qc7 36. Qd3 g6 37. Rd5 Nf6 38. Rd6 Rfd8 39. Rxd8+ Rxd8 40. Qxa6 Qxf4 41. Qb6 Rc8 42. Qb7 Rc7 43. Qa8+ Kg7 44. Kb2 Qf5 45. Re2 Nd5 46. Nd4 Qd7 47. Re8 Nf6 48. Rd8 Qg4 49. Qb8 Qf4 50. Rc8 Qxd4+ 0-1


[Site "https://www.chess.com"]

[Event "Titled Tuesday Blitz March 29 Early 2022"]
[White "Kopylov, Alexander A."]
[Black "Vovk, Orest"]
[WhiteFideId "4164857"]
[BlackFideId "14113490"]
[WhiteElo "2436"]
[BlackElo "2203"]
[Result "0-1"]
[Round "04"]
[TimeControl "180+1"]
[Date "2022.03.30"]
[WhiteClock "0:02:46"]
[BlackClock "0:02:35"]

1. e4 Nc6 2. Nf3 d5 3. exd5 Qxd5 4. Nc3 Qa5 5. d4 Bg4 6. Be2 O-O-O 7. Be3 Nf6 8. O-O e6 9. a3 Bd6 10. b4 Qh5 11. b5 Bxf3 12. Bxf3 Qxh2# 0-1


[Site "https://www.chess.com"]

[Event "Titled Tuesday Blitz March 29 Early 2022"]
[White "Korchmar, Vasiliy"]
[Black "Shtyka, Sergey"]
[WhiteFideId "24131750"]
[BlackFideId "4138465"]
[WhiteElo "2370"]
[BlackElo "2014"]
[Result "1-0"]
[Round "04"]
[TimeControl "180+1"]
[Date "2022.03.30"]
[WhiteClock "0:02:55"]
[BlackClock "0:00:07"]

1. d4 c5 2. d5 e5 3. Nc3 d6 4. e4 Be7 5. Bb5+ Nd7 6. a4 Bg5 7. Nf3 Bxc1 8. Qxc1 Nf6 9. O-O O-O 10. Nd2 Ne8 11. Bd3 b6 12. Nc4 Ba6 13. Nxe5 Bxd3 14. Nc6 Bxf1 15. Nxd8 Rxd8 16. Qxf1 f5 17. Qa6 fxe4 18. Nxe4 Nef6 19. Nxf6+ Nxf6 20. Qxa7 Nxd5 21. c4 Nf4 22. Qxb6 d5 23. cxd5 Rxd5 24. a5 Rfd8 25. h3 R5d6 26. Qxc5 Nd3 27. Qc4+ Kh8 28. a6 Nxb2 29. Qb3 Nd3 30. a7 Nc5 31. Qb8 1-0


[Site "https://www.chess.com"]

[Event "Titled Tuesday Blitz March 29 Early 2022"]
[White "Kouskoutis, Georgios-Alexandros"]
[Black "Muradov, Soltan"]
[WhiteFideId "4234049"]
[BlackFideId "14002108"]
[WhiteElo "2130"]
[BlackElo "1854"]
[Result "1-0"]
[Round "04"]
[TimeControl "180+1"]
[Date "2022.03.30"]
[WhiteClock "0:00:02"]
[BlackClock "0:00:02"]

1. c4 e5 2. g3 Nf6 3. Bg2 c6 4. Nf3 Qc7 5. O-O d5 6. cxd5 cxd5 7. d4 e4 8. Ne5 Nc6 9. Nxc6 bxc6 10. Nc3 Bd6 11. Bg5 Nd7 12. Rc1 Qa5 13. Qa4 Qxa4 14. Nxa4 Bb7 15. Bf4 Ke7 16. Bxd6+ Kxd6 17. Bh3 Rhf8 18. Bxd7 Kxd7 19. Rc2 Rac8 20. Rfc1 Ba8 21. f3 f5 22. Kf2 g5 23. b4 f4 24. fxe4 dxe4 25. Nc5+ Ke7 26. Nxe4 c5 27. Nxc5 fxg3+ 28. Kxg3 h5 29. Nd3 Rcd8 30. Rc7+ Ke6 31. Nc5+ Kd6 32. Nb7+ Bxb7 33. Rxb7 h4+ 34. Kg2 Rf4 35. e3 Re4 36. Rc3 g4 37. Rf7 a5 38. b5 a4 39. Rf6+ Kd5 40. Rf5+ Ke6 41. Rh5 h3+ 42. Kg1 Rb8 43. b6 Kd7 44. b7 Rxb7 45. Rh7+ Re7 46. Rxe7+ Kxe7 47. Rc2 Rb1+ 48. Kf2 Rh1 49. Kg3 Rg1+ 50. Kh4 Rg2 51. Rc7+ Kd6 52. Rg7 Rg3 53. Kxg3 1-0


[Site "https://www.chess.com"]

[Event "Titled Tuesday Blitz March 29 Early 2022"]
[White "Kucuksari, Kaan"]
[Black "Meissner, Felix"]
[WhiteFideId "6380166"]
[BlackFideId "24671827"]
[WhiteElo "2717"]
[BlackElo "2548"]
[Result "1-0"]
[Round "04"]
[TimeControl "180+1"]
[Date "2022.03.30"]
[WhiteClock "0:00:10"]
[BlackClock "0:00:15"]

1. d4 g6 2. e4 c6 3. Nf3 d5 4. e5 h5 5. Bd3 Nh6 6. O-O Bf5 7. Bxh6 Bxh6 8. Bxf5 gxf5 9. Nh4 e6 10. Nf3 Rg8 11. a4 Nd7 12. a5 a6 13. b4 Nf8 14. c4 Ng6 15. Kh1 h4 16. cxd5 Qxd5 17. Nc3 Qc4 18. Na4 Rd8 19. Nc5 Nf4 20. Nxb7 Bf8 21. Nxd8 Kxd8 22. Nxh4 Be7 23. Qf3 Rg4 24. g3 Bxh4 25. gxf4 Kd7 26. Rg1 Rxg1+ 27. Kxg1 Qxb4 28. Rc1 Qb5 29. Rc5 Qa4 30. Kg2 Be7 31. Rc1 Qb5 32. Rh1 Bh4 33. Ra1 Qb2 34. Rd1 Qc2 35. Rf1 Qb2 36. Qd3 Qa2 37. d5 cxd5 38. Qxa6 Qd2 39. Qb7+ Ke8 40. Qb5+ Kf8 41. Qc5+ Kg7 42. Rg1 Qxf4 43. Qe3 Qg4+ 44. Kh1 1-0


[Site "https://www.chess.com"]

[Event "Titled Tuesday Blitz March 29 Early 2022"]
[White "Lagunov, Evgenij"]
[Black "Srinath, Rao S.V."]
[WhiteFideId "4125363"]
[BlackFideId "5028876"]
[WhiteElo "2200"]
[BlackElo "2181"]
[Result "0-1"]
[Round "04"]
[TimeControl "180+1"]
[Date "2022.03.30"]
[WhiteClock "0:00:01"]
[BlackClock "0:00:46"]

1. e4 e6 2. d4 d5 3. e5 c5 4. c3 Nc6 5. Nf3 Bd7 6. a3 c4 7. Be2 Nge7 8. Nbd2 Nc8 9. O-O Nb6 10. b4 cxb3 11. Nxb3 Be7 12. Nc5 O-O 13. Nxd7 Nxd7 14. Bd3 Rc8 15. a4 Na5 16. Qc2 f5 17. exf6 Nxf6 18. Bg5 h6 19. Bh4 Qc7 20. Rfc1 Bd6 21. Bg3 Nc4 22. Qe2 Rfe8 23. Ne5 Bxe5 24. dxe5 Nd7 25. Re1 Nc5 26. Bc2 Qa5 27. Qh5 Qxc3 28. Qg6 Ne4 29. Rac1 Nxe5 30. Bxe5 Qxe5 31. Bxe4 Qxe4 32. Qg3 d4 33. h3 Qf5 34. Qd6 d3 35. Rcd1 Rcd8 36. Qg3 e5 37. f3 d2 38. Re4 Rd7 39. Qf2 Red8 40. Qxa7 Rd4 41. Qxb7 R8d7 42. Qb3+ Kh7 43. Qe3 Rd3 44. Qe2 Qf6 45. Rxe5 Qb6+ 46. Kh1 Qc6 47. Re4 Qc1 48. Rg4 Qxd1+ 49. Qxd1 Rc7 0-1


[Site "https://www.chess.com"]

[Event "Titled Tuesday Blitz March 29 Early 2022"]
[White "Le Ruyet, Leopold"]
[Black "Oro, Luis"]
[WhiteFideId "645923"]
[BlackFideId "104094"]
[WhiteElo "2276"]
[BlackElo "2355"]
[Result "1-0"]
[Round "04"]
[TimeControl "180+1"]
[Date "2022.03.30"]
[WhiteClock "0:00:10"]
[BlackClock "0:00:12"]

1. d4 Nf6 2. c4 g6 3. Nc3 Bg7 4. e4 d6 5. f3 O-O 6. Be3 e5 7. Nge2 Nc6 8. d5 Ne7 9. Nc1 Nd7 10. Nd3 f5 11. Be2 f4 12. Bf2 g5 13. c5 Nf6 14. h3 h5 15. Qc2 Ng6 16. O-O-O Rf7 17. Kb1 Bf8 18. g3 fxg3 19. Bxg3 h4 20. Bf2 Nh5 21. Be3 Ng3 22. Rh2 Nf4 23. Nxf4 gxf4 24. Bf2 dxc5 25. Nb5 b6 26. Na3 Bd6 27. Bb5 Bd7 28. Bxd7 Qxd7 29. Be1 Rg7 30. Bc3 a6 31. Nc4 Re8 32. b3 Rg5 33. Ka1 Re7 34. Nb2 Reg7 35. Nd3 Qe7 36. Nf2 Qf7 37. Ng4 Qg6 38. Qd3 b5 39. Qc2 Kh8 40. Be1 Qe8 41. Bf2 Qe7 42. Rc1 c4 43. bxc4 Ba3 44. Rb1 b4 45. c5 Qd7 46. Qc4 Qa4 47. d6 cxd6 48. cxd6 Qd7 49. Bc5 R7g6 50. Rd2 a5 51. Qa6 a4 52. Qa8+ Kg7 53. Qd5 Re6 54. Bxb4 Bxb4 55. Rxb4 Kf8 56. Rb7 Qe8 57. d7 Qe7 58. d8=Q+ 1-0


[Site "https://www.chess.com"]

[Event "Titled Tuesday Blitz March 29 Early 2022"]
[White "Liyanage, Ranindu Dilshan"]
[Black "Toncheva, Nadya"]
[WhiteFideId "9915834"]
[BlackFideId "2924056"]
[WhiteElo "2679"]
[BlackElo "2432"]
[Result "0-1"]
[Round "04"]
[TimeControl "180+1"]
[Date "2022.03.30"]
[WhiteClock "0:00:15"]
[BlackClock "0:00:09"]

1. d4 Nf6 2. Nf3 e6 3. g3 c5 4. Bg2 cxd4 5. Nxd4 a6 6. O-O Be7 7. c4 Qc7 8. b3 O-O 9. Nc3 Nc6 10. Bb2 d6 11. Qd2 Bd7 12. Rad1 Rfd8 13. Rc1 Nxd4 14. Qxd4 Rac8 15. Rfd1 Qb8 16. Ba3 Bc6 17. e4 b5 18. cxb5 axb5 19. Bb4 Qb7 20. f3 Ne8 21. Qe3 Rd7 22. Rd2 d5 23. Bxe7 Rxe7 24. Rcd1 dxe4 25. Nxe4 Bd5 26. Nc5 Qa7 27. b4 Nd6 28. Qf2 Nc4 29. Re2 Ree8 30. Bh3 Rcd8 31. Bg2 Qa3 32. Rb1 h6 33. Rb3 Qa7 34. Rd3 Bc6 35. Rxd8 Rxd8 36. h3 Qa3 37. Qe1 Bxf3 38. Rf2 Rd1 39. Qxd1 Bxd1 40. Be4 Qxb4 41. Nd3 Qc3 42. Kg2 Bc2 43. Rf3 Bxd3 44. Rxd3 Qb2+ 45. Kg1 g6 46. h4 h5 0-1


[Site "https://www.chess.com"]

[Event "Titled Tuesday Blitz March 29 Early 2022"]
[White "Ljukin, Sergei"]
[Black "Weetik, Vjacheslav"]
[WhiteFideId "14102200"]
[BlackFideId "4153472"]
[WhiteElo "2552"]
[BlackElo "2746"]
[Result "0-1"]
[Round "04"]
[TimeControl "180+1"]
[Date "2022.03.30"]
[WhiteClock "0:00:11"]
[BlackClock "0:00:02"]

1. e4 c6 2. d4 d5 3. e5 Bf5 4. Nd2 e6 5. Nb3 Nd7 6. Nf3 Bg6 7. Be2 Nh6 8. Bxh6 gxh6 9. h4 Rg8 10. h5 Be4 11. Rh2 Qb6 12. Nh4 Be7 13. f3 Bf5 14. g4 Nxe5 15. gxf5 Rg1+ 16. Bf1 O-O-O 17. dxe5 Qb4+ 18. c3 Bxh4+ 19. Ke2 Qf4 20. Rh3 Qxe5+ 21. Kd2 Qxf5 22. Qe2 Bg5+ 23. Ke1 Qxh3 24. Nd2 Qg3+ 25. Kd1 Qf4 26. Nb3 e5 27. Nc5 d4 28. Nd3 dxc3 29. bxc3 Qa4+ 30. Ke1 Bh4+ 31. Kd2 Bg5+ 32. Ke1 Qh4+ 33. Kd1 Kb8 34. Kc2 Qa4+ 35. Kb2 Qb5+ 36. Kc2 e4 37. fxe4 Qa4+ 38. Kb2 Be7 39. Rb1 Qa3+ 40. Kc2 Qxa2+ 41. Rb2 Qa4+ 42. Kb1 Rg5 43. Nb4 Ra5 44. Na6+ Rxa6 45. Qxa6 Rd1# 0-1


[Site "https://www.chess.com"]

[Event "Titled Tuesday Blitz March 29 Early 2022"]
[White "Maghsoodloo, Parham"]
[Black "Goryachkina, Aleksandra"]
[WhiteFideId "12539929"]
[BlackFideId "4147103"]
[WhiteElo "2630"]
[BlackElo "2426"]
[Result "1-0"]
[Round "04"]
[TimeControl "180+1"]
[Date "2022.03.29"]
[WhiteClock "0:00:04"]
[BlackClock "0:00:03"]

1. e4 e6 2. d4 d5 3. Nc3 Bb4 4. e5 c5 5. a3 Bxc3+ 6. bxc3 Ne7 7. h4 Qc7 8. Bd3 cxd4 9. cxd4 Qc3+ 10. Bd2 Qxd4 11. Nf3 Qb6 12. Rb1 Qc7 13. Bb4 Nbc6 14. Bd6 Qa5+ 15. Kf1 b6 16. Rb5 Qa4 17. h5 Ba6 18. Rh4 d4 19. Qb1 Nf5 20. Rg4 O-O-O 21. Kg1 g6 22. Rf4 Nxd6 23. exd6 f5 24. Nxd4 Nxd4 25. Rb4 Qxa3 26. Rfxd4 Bxd3 27. Rxd3 Qa5 28. c4 Qc5 29. Rb5 Qxc4 30. Rd1 Kb7 31. Rc1 Qe4 32. Rc7+ Ka8 33. Qa1 a5 34. Rxa5+ 1-0


[Site "https://www.chess.com"]

[Event "Titled Tuesday Blitz March 29 Early 2022"]
[White "Majdan, Joanna"]
[Black "Ianov, Viktor"]
[WhiteFideId "1121979"]
[BlackFideId "14102730"]
[WhiteElo "2234"]
[BlackElo "2161"]
[Result "1/2-1/2"]
[Round "04"]
[TimeControl "180+1"]
[Date "2022.03.30"]
[WhiteClock "0:00:20"]
[BlackClock "0:00:19"]

1. e4 d6 2. d4 Nf6 3. Nc3 c6 4. f4 Qb6 5. Be2 g6 6. Nf3 Bg4 7. O-O Nbd7 8. Kh1 Bg7 9. e5 Nd5 10. Ne4 dxe5 11. fxe5 O-O 12. c3 f6 13. exf6 exf6 14. h3 Be6 15. c4 Ne7 16. b3 Nf5 17. d5 cxd5 18. cxd5 Bf7 19. Bf4 Rfe8 20. Qd3 Nc5 21. Nxc5 Qxc5 22. Rfd1 Rad8 23. d6 Qf2 24. Bf1 Ng3+ 25. Bxg3 Qxg3 26. Rac1 Bf8 27. d7 Re7 28. Rc8 Rdxd7 29. Qxd7 Rxd7 30. Rxd7 Qf2 31. Bc4 Bxc4 32. bxc4 Qxa2 33. Nd4 Qb1+ 34. Kh2 Qe4 35. Rdd8 Qf4+ 36. Kg1 Qe3+ 37. Kf1 Kg7 38. Rd7+ Kh6 39. Rxf8 Qd3+ 40. Kg1 Qe3+ 41. Kh2 Qf4+ 42. Kg1 Qe3+ 43. Kh2 Qf4+ 44. Kg1 Qe3+ 1/2-1/2


[Site "https://www.chess.com"]

[Event "Titled Tuesday Blitz March 29 Early 2022"]
[White "Manolache, Marius"]
[Black "Omelja, Artem"]
[WhiteFideId "1201530"]
[BlackFideId "14119846"]
[WhiteElo "2725"]
[BlackElo "2552"]
[Result "1-0"]
[Round "04"]
[TimeControl "180+1"]
[Date "2022.03.30"]
[WhiteClock "0:00:20"]
[BlackClock "0:00:04"]

1. d4 d5 2. Nf3 Nf6 3. c4 c6 4. Nc3 e6 5. e3 Nbd7 6. Qc2 Bd6 7. b3 O-O 8. Bb2 Qe7 9. Be2 b6 10. O-O Bb7 11. Rad1 h6 12. e4 dxe4 13. Nxe4 Nxe4 14. Qxe4 Nf6 15. Qh4 Ba3 16. Ba1 Rfd8 17. Qg3 Rac8 18. h3 Bd6 19. Qh4 Qf8 20. Ne5 c5 21. dxc5 Bxc5 22. Bd3 Rd6 23. Bc2 Rcd8 24. Ng4 Nxg4 25. Qxg4 Rd2 26. Bc3 Rxd1 27. Rxd1 Rxd1+ 28. Qxd1 Qe7 29. Qg4 f5 30. Qg6 Qf7 31. Qg3 Qd7 32. Qe5 Bd6 33. Qd4 e5 34. Qd2 Qe6 35. b4 e4 36. c5 bxc5 37. bxc5 Bxc5 38. Bb3 e3 39. Bxe6+ Kh7 40. fxe3 f4 41. Bd4 fxe3 42. Qd3+ Be4 43. Qxe4+ Kh8 44. Bxc5 e2 45. Qxe2 h5 46. Qe5 h4 47. Qh5# 1-0


[Site "https://www.chess.com"]

[Event "Titled Tuesday Blitz March 29 Early 2022"]
[White "Martin Duque, Jesus"]
[Black "Pein, Jonathan"]
[WhiteFideId "2208954"]
[BlackFideId "417092"]
[WhiteElo "2243"]
[BlackElo "2140"]
[Result "1-0"]
[Round "04"]
[TimeControl "180+1"]
[Date "2022.03.30"]
[WhiteClock "0:02:36"]
[BlackClock "0:01:15"]

1. Nf3 d5 2. b3 c5 3. e3 Nc6 4. Bb5 Bd7 5. c4 dxc4 6. bxc4 Nf6 7. O-O a6 8. Ba4 e6 9. d4 cxd4 10. exd4 Be7 11. d5 exd5 12. cxd5 Nb8 13. d6 Bxa4 14. Qxa4+ b5 15. dxe7 Qxe7 16. Qh4 O-O 17. Ba3 Qe6 18. Bxf8 Kxf8 19. Re1 Qd6 20. Nc3 Nc6 21. Rad1 Qc5 22. Ne4 Nxe4 23. Qxe4 g6 24. Rc1 Qb4 25. Qxc6 Qe4 26. Rxe4 1-0


[Site "https://www.chess.com"]

[Event "Titled Tuesday Blitz March 29 Early 2022"]
[White "Martin, Lewis"]
[Black "Sztokbant, Bernardo Vainzoff"]
[WhiteFideId "410551"]
[BlackFideId "2115956"]
[WhiteElo "2145"]
[BlackElo "2237"]
[Result "1-0"]
[Round "04"]
[TimeControl "180+1"]
[Date "2022.03.30"]
[WhiteClock "0:00:11"]
[BlackClock "0:00:05"]

1. e4 c5 2. Nf3 Nc6 3. d4 cxd4 4. Nxd4 e6 5. Nc3 Qc7 6. g3 a6 7. Bg2 Nf6 8. O-O Bc5 9. Nde2 O-O 10. Bf4 d6 11. Qd2 b5 12. Rad1 Rd8 13. a3 Nh5 14. b4 Nxf4 15. Nxf4 Bd4 16. Nce2 Bf6 17. Nh5 Be7 18. Qc3 e5 19. f4 Bg4 20. Bf3 Bxf3 21. Qxf3 g6 22. fxe5 Nxe5 23. Nf6+ Kg7 24. Qf4 Qxc2 25. Nd4 Qc4 26. Nd5 Bf8 27. Qf6+ Kg8 28. Ne3 Qc7 29. Nd5 Qb7 30. Nf3 Re8 31. Nxe5 Rxe5 32. Rf3 Bg7 33. Qh4 Rae8 34. Rdf1 Rxe4 35. Qg5 R4e5 36. Nf6+ Bxf6 37. Qxf6 Qe7 38. Qxf7+ Qxf7 39. Rxf7 Re1 40. Ra7 Rxf1+ 41. Kxf1 Re3 42. Rxa6 Rb3 43. Ke2 Rb2+ 44. Kd3 Rxh2 45. Rxd6 Rg2 46. Kd4 Rxg3 47. Kc5 Rxa3 48. Kxb5 Rb3 49. Kc5 g5 50. b5 Kg7 51. Rd4 Rc3+ 52. Kd6 Rb3 53. Kc6 h5 54. Rd5 Kg6 55. b6 g4 56. Rb5 Rxb5 57. Kxb5 g3 58. b7 g2 59. b8=Q g1=Q 60. Qg8+ Kf5 61. Qxg1 h4 62. Qh1 1-0


[Site "https://www.chess.com"]

[Event "Titled Tuesday Blitz March 29 Early 2022"]
[White "Martinez Alcantara, Jose Eduardo"]
[Black "Tristan, Leonardo"]
[WhiteFideId "3805662"]
[BlackFideId "113816"]
[WhiteElo "2690"]
[BlackElo "2404"]
[Result "1-0"]
[Round "04"]
[TimeControl "180+1"]
[Date "2022.03.29"]
[WhiteClock "0:01:49"]
[BlackClock "0:01:12"]

1. c4 e6 2. g3 d5 3. Nf3 Nf6 4. Bg2 Be7 5. O-O O-O 6. b3 a5 7. Nc3 c6 8. Qc2 b6 9. e3 Ba6 10. d3 Nbd7 11. Bb2 b5 12. Ne2 Qb6 13. Rab1 Rfc8 14. Rfd1 Rab8 15. Bd4 Qb7 16. Ba1 Qa7 17. Rbc1 Ba3 18. Rb1 Be7 19. Nf4 Qc7 20. Rbc1 Ba3 21. Rb1 Be7 22. Bh3 h6 23. Rbc1 Ba3 24. Rb1 Be7 25. Nd4 bxc4 26. dxc4 dxc4 27. Nfxe6 cxb3 28. Rxb3 fxe6 29. Nxe6 Qa7 30. Qg6 Bf8 31. Nxg7 Bxg7 32. Rxd7 Rxb3 33. Qxg7# 1-0


[Site "https://www.chess.com"]

[Event "Titled Tuesday Blitz March 29 Early 2022"]
[White "Matlakov, Maxim"]
[Black "Avila Pavas, Santiago"]
[WhiteFideId "4168003"]
[BlackFideId "4437128"]
[WhiteElo "2669"]
[BlackElo "2242"]
[Result "1-0"]
[Round "04"]
[TimeControl "180+1"]
[Date "2022.03.29"]
[WhiteClock "0:01:43"]
[BlackClock "0:00:35"]

1. d4 Nf6 2. Nf3 d5 3. c4 e6 4. Bg5 Be7 5. e3 O-O 6. Qc2 Ne4 7. Bxe7 Qxe7 8. Bd3 f5 9. Nc3 c6 10. O-O Nd7 11. Rab1 Nb6 12. Ne5 Nd7 13. Nf3 Rf6 14. b4 Rh6 15. b5 Qe8 16. bxc6 bxc6 17. Ne2 Ndf6 18. Ne5 Qh5 19. h3 Ng5 20. Nf4 Qh4 21. cxd5 Nxd5 22. Qxc6 Rf6 23. Qxa8 Nxf4 24. exf4 Nxh3+ 25. gxh3 Qxh3 26. Qxc8+ Rf8 27. Qxe6+ Kh8 28. Nf7+ Rxf7 29. Rb8+ Rf8 30. Rxf8# 1-0


[Site "https://www.chess.com"]

[Event "Titled Tuesday Blitz March 29 Early 2022"]
[White "Migot, Tangi"]
[Black "Koridze, Lile"]
[WhiteFideId "662445"]
[BlackFideId "13612514"]
[WhiteElo "2529"]
[BlackElo "1999"]
[Result "0-1"]
[Round "04"]
[TimeControl "180+1"]
[Date "2022.03.30"]
[WhiteClock "0:00:37"]
[BlackClock "0:01:42"]

1. e4 c5 2. Nc3 Nc6 3. Bc4 e6 4. d3 a6 5. a3 Nf6 6. f4 d5 7. Ba2 dxe4 8. Nxe4 Be7 9. Nf3 O-O 10. O-O b6 11. Kh1 Bb7 12. Nxf6+ Bxf6 13. c3 e5 14. fxe5 Nxe5 15. Nxe5 Bxe5 16. Qh5 Qxd3 17. Rxf7 Kh8 18. Bh6 Qe4 19. Rxb7 Qxb7 20. Qxe5 Rae8 21. Qd6 gxh6 22. Bd5 Qe7 23. Qxe7 Rxe7 24. Bf3 Rfe8 25. Kg1 Re1+ 26. Rxe1 Rxe1+ 27. Kf2 Rb1 28. b4 Rb3 0-1


[Site "https://www.chess.com"]

[Event "Titled Tuesday Blitz March 29 Early 2022"]
[White "Mihailidis, Anastasios"]
[Black "Hartikainen, Jarmo"]
[WhiteFideId "4205588"]
[BlackFideId "503134"]
[WhiteElo "2312"]
[BlackElo "2066"]
[Result "1-0"]
[Round "04"]
[TimeControl "180+1"]
[Date "2022.03.30"]
[WhiteClock "0:00:45"]
[BlackClock "0:00:01"]

1. e4 c5 2. Nf3 Nc6 3. c4 g6 4. d4 cxd4 5. Nxd4 Bg7 6. Be3 Nf6 7. Nc3 O-O 8. Be2 d6 9. O-O Bd7 10. f3 a5 11. Qd2 a4 12. Rac1 Qa5 13. Rfd1 Rfc8 14. b3 Nxd4 15. Bxd4 Bc6 16. Kh1 Rd8 17. Bxf6 Bxf6 18. Nd5 Bxd5 19. Qxa5 Rxa5 20. cxd5 axb3 21. axb3 Ra3 22. b4 Rb3 23. b5 Ra8 24. h3 Ra2 25. Bf1 Rbb2 26. Rc7 b6 27. Rc6 Rd2 28. Rdc1 Bd4 29. Rc7 Kf8 30. Rc8+ Kg7 31. Re8 Kf6 32. Kh2 Bc5 33. Kg3 h5 34. h4 Bd4 35. Rec8 Be5+ 36. Kh3 Rab2 37. R8c6 Bd4 38. R6c4 Bc5 39. Re1 Rf2 40. Rcc1 e5 41. dxe6 fxe6 42. Red1 g5 43. Kg3 gxh4+ 44. Kxh4 Rb4 45. Rc4 d5 46. Rxb4 Bxb4 47. exd5 exd5 48. g4 1-0


[Site "https://www.chess.com"]

[Event "Titled Tuesday Blitz March 29 Early 2022"]
[White "Mika, Tomasz"]
[Black "Hnydiuk, Aleksander"]
[WhiteFideId "1132970"]
[BlackFideId "1109057"]
[WhiteElo "2116"]
[BlackElo "2374"]
[Result "0-1"]
[Round "04"]
[TimeControl "180+1"]
[Date "2022.03.30"]
[WhiteClock "0:00:05"]
[BlackClock "0:00:11"]

1. d4 Nf6 2. Nf3 e6 3. g3 d5 4. Bg2 b5 5. O-O c5 6. a4 b4 7. dxc5 Bxc5 8. Nbd2 O-O 9. e4 Ba6 10. Re1 Ng4 11. Nd4 Nxf2 12. Kxf2 Bxd4+ 13. Kf3 Qf6+ 14. Kg4 Qf2 15. Kh3 e5 16. exd5 Bc8+ 17. g4 f5 18. Bf3 fxg4+ 19. Bxg4 Bxg4+ 20. Qxg4 Qxe1 21. Ne4 Qf1+ 22. Kh4 Bf2+ 23. Kh5 g6+ 24. Kh6 Bd4 25. Bg5 Qf7 26. Nf6+ Kh8 27. Nh5 gxh5 0-1


[Site "https://www.chess.com"]

[Event "Titled Tuesday Blitz March 29 Early 2022"]
[White "Mikhailovsky, Vladimir"]
[Black "Maung, Maung Kyaw Zaw Hein"]
[WhiteFideId "34105414"]
[BlackFideId "13001698"]
[WhiteElo "2371"]
[BlackElo "1785"]
[Result "1-0"]
[Round "04"]
[TimeControl "180+1"]
[Date "2022.03.30"]
[WhiteClock "0:00:53"]
[BlackClock "0:01:18"]

1. e4 c6 2. c4 d5 3. cxd5 cxd5 4. exd5 Nf6 5. Qa4+ Nbd7 6. Nc3 a6 7. Nf3 Rb8 8. d4 b5 9. Qb3 Bb7 10. Bf4 Rc8 11. a4 Qa5 12. Bd2 b4 13. Na2 Nxd5 14. Nxb4 Nxb4 15. Bxb4 Qb6 16. a5 Qc7 17. Be2 Qc2 18. Qxc2 Rxc2 19. Bc3 Be4 20. Bxa6 e6 21. Bb5 Bd6 22. Ba4 1-0


[Site "https://www.chess.com"]

[Event "Titled Tuesday Blitz March 29 Early 2022"]
[White "Mikhalsky, Vladimir"]
[Black "Schut, Han"]
[WhiteFideId "14144352"]
[BlackFideId "1005561"]
[WhiteElo "2301"]
[BlackElo "2057"]
[Result "1-0"]
[Round "04"]
[TimeControl "180+1"]
[Date "2022.03.30"]
[WhiteClock "0:00:09"]
[BlackClock "0:00:04"]

1. c4 Nf6 2. Nc3 d5 3. cxd5 Nxd5 4. e4 Nb4 5. Bc4 Nd3+ 6. Ke2 Nf4+ 7. Kf1 Be6 8. Bb5+ c6 9. d4 Ng6 10. Ba4 Bc4+ 11. Nge2 e5 12. d5 Bb4 13. dxc6 Nxc6 14. Nd5 O-O 15. Nxb4 Nxb4 16. Be3 Nd3 17. Bb3 Ba6 18. Kg1 Nxb2 19. Qc2 Qd3 20. Qxb2 Qxe2 21. Qxe2 Bxe2 22. f3 Rac8 23. Kf2 Bc4 24. Rac1 Bxb3 25. axb3 b6 26. g3 Rfd8 27. f4 exf4 28. gxf4 Ne7 29. Kf3 Nc6 30. e5 Nb4 31. Ke4 Nc2 32. Rhd1 Nxe3 33. Kxe3 Kf8 34. Ke4 Ke7 35. Kf5 Rxc1 36. Rxc1 Rd7 37. h4 g6+ 38. Kg5 Ke6 39. Rc6+ Kd5 40. Rc4 b5 41. Rc8 Ke4 42. Rc5 a6 43. Rc6 Ra7 44. Rf6 h6+ 45. Kxh6 a5 46. e6 fxe6 47. Kxg6 a4 48. bxa4 bxa4 49. Rxe6+ Kxf4 50. Re1 a3 51. h5 a2 52. Ra1 Ke3 53. h6 Kd3 54. h7 Ra8 55. Kg7 Kc3 56. Rxa2 Rxa2 57. h8=Q Rg2+ 58. Kf6 Rf2+ 59. Ke5 Re2+ 60. Kd5+ Kd3 61. Kc5 Rc2+ 62. Kd5 Re2 63. Qh7+ Kd2 64. Qh6+ Ke1 65. Kd4 Rd2+ 66. Ke3 Re2+ 67. Kd3 Rf2 68. Qh4 Kf1 69. Qh1# 1-0


[Site "https://www.chess.com"]

[Event "Titled Tuesday Blitz March 29 Early 2022"]
[White "Mikhnenko, Alexander"]
[Black "Zemlyanskii, Ivan"]
[WhiteFideId "34143014"]
[BlackFideId "24249971"]
[WhiteElo "2184"]
[BlackElo "1759"]
[Result "0-1"]
[Round "04"]
[TimeControl "180+1"]
[Date "2022.03.30"]
[WhiteClock "0:00:17"]
[BlackClock "0:00:54"]

1. e4 c5 2. Nf3 d6 3. Bb5+ Nd7 4. O-O a6 5. Bxd7+ Bxd7 6. d4 cxd4 7. Nxd4 Nf6 8. Qe2 Rc8 9. c4 e5 10. Nf3 b5 11. Bg5 Rxc4 12. Nc3 Be7 13. Rfd1 Be6 14. Nxe5 Rc8 15. Nf3 Qa5 16. Bxf6 Bxf6 17. Rxd6 Bxc3 18. bxc3 O-O 19. Rad1 Rxc3 20. Qd2 b4 21. Rd8 Rc8 22. Rxf8+ Rxf8 23. Nd4 Rd8 24. e5 Bxa2 25. h4 Be6 26. Qg5 Rxd4 27. Rxd4 Qa1+ 28. Kh2 Qxd4 29. h5 h6 0-1


[Site "https://www.chess.com"]

[Event "Titled Tuesday Blitz March 29 Early 2022"]
[White "Mkrtchyan, Mariam"]
[Black "Polster, Christian"]
[WhiteFideId "13310828"]
[BlackFideId "12965081"]
[WhiteElo "1984"]
[BlackElo "2325"]
[Result "1-0"]
[Round "04"]
[TimeControl "180+1"]
[Date "2022.03.30"]
[WhiteClock "0:00:36"]
[BlackClock "0:00:17"]

1. Nf3 d5 2. g3 c5 3. Bg2 d4 4. O-O Nf6 5. d3 Nc6 6. e4 Bg4 7. h3 Bxf3 8. Qxf3 e5 9. Qe2 Bd6 10. Nd2 O-O 11. f4 Ne8 12. f5 Be7 13. Nf3 Nd6 14. g4 b5 15. g5 f6 16. h4 c4 17. Rf2 Rc8 18. Bf1 Nb4 19. Qd1 Qa5 20. Rg2 Qa4 21. b3 cxb3 22. cxb3 Qa6 23. a3 Nc6 24. h5 fxg5 25. Bxg5 Bxg5 26. Nxg5 Rf6 27. Ne6 Ne8 28. Be2 Na5 29. b4 Nb7 30. Kf2 Rc3 31. Qd2 Rc5 32. bxc5 1-0


[Site "https://www.chess.com"]